 Dungeon Crawl Stone Soup version 0.30.0-19-g36f170ea60 (webtiles) character file.

Game seed: 5575221182257768764

9863 jasper the Geomancer (level 11, -6/53 HPs)
             Began as a Spriggan Earth Elementalist on May 27, 2023.
             Was a Priest of Kikubaaqudgha.
             Killed from afar by an acid dragon (18 damage)
             ... with a splash of acid
             ... on level 11 of the Dungeon.
             The game lasted 00:21:55 (9143 turns).

jasper the Geomancer (Spriggan Earth Elementalist)  Turns: 9143, Time: 00:21:56

Health: -6/53      AC:  4    Str:  4    XL:     11   Next: 28%
Magic:  15/20      EV: 21    Int: 27    God:    Kikubaaqudgha [***...]
Gold:   785        SH:  0    Dex: 16    Spells: 4/21 levels left

rFire   . . .        N - +4 scimitar (flame)
rCold   + . .        (no shield)
rNeg    . . .        a - +1 robe
rPois   .            (helmet restricted)
rElec   .            m - +0 cloak
rCorr   .            (gloves unavailable)
SInv    +            (boots unavailable)
Will    +....        P - amulet of Moushrye {Acrobat Int+6 Slay-3}
Stlth   ++           z - ring of protection from cold
HPRegen 0.28/turn    C - +4 ring of protection
MPRegen 0.17/turn

%: acrobat
@: corroded, very quick
A: very small, no large weapons, unfitting armour, see invisible, speed 3
a: Renounce Religion, Unearth Wretches


You were on level 11 of the Dungeon.
You worshipped Kikubaaqudgha.
Kikubaaqudgha was most pleased with you.
You visited 1 branch of the dungeon, and saw 11 of its levels.
You also visited: Bailey.

You collected 785 gold pieces.

Inventory:

Hand Weapons
 e - a +0 short sword
 k - a +1 dagger of draining
 o - the +9 sling of Causality {speed, Fly rC- Str-4 Dex+10}
   (You found it on level 2 of the Dungeon)

   Str:       It affects your strength (-4).
   Dex:       It affects your dexterity (+10).
   rC:        It makes you vulnerable to cold.
   Fly:       It grants you flight.
 N - a +4 scimitar of flaming (weapon)
Missiles
 j - 6 boomerangs
 l - 70 stones
 q - 17 poisoned darts
Armour
 a - a +1 robe (worn)
 m - a +0 cloak (worn)
 n - a +2 buckler
 I - a +0 troll leather armour
Jewellery
 t - an amulet of faith
 u - an amulet of magic regeneration
 z - a ring of protection from cold (left hand)
 C - a +4 ring of protection (right hand)
 J - an amulet of the acrobat
 O - a +6 ring of strength
 P - the amulet of Moushrye (around neck) {Acrobat Int+6 Slay-3}
   (You found it in a bailey)

   [amulet of the acrobat]

   It increases your evasion while moving and waiting.
   Int:       It affects your intelligence (+6).
   Slay:      It affects your accuracy & damage with ranged weapons and melee
   (-3).
Wands
 s - a wand of polymorph (8)
 x - a wand of mindburst (1)
 A - a wand of light (8)
 E - a wand of roots (10)
Scrolls
 c - a scroll of immolation
 d - 2 scrolls of enchant armour
 h - 6 scrolls of identify
 r - 3 scrolls of teleportation
 w - a scroll of magic mapping
 y - 2 scrolls of fog
 K - a scroll of blinking
 R - a scroll of enchant weapon
 S - a scroll of fear
 U - a scroll of brand weapon {unknown}
Potions
 b - a potion of magic
 f - 8 potions of curing
 g - 2 potions of invisibility
 i - 5 potions of haste
 p - 2 potions of attraction
 v - 2 potions of heal wounds
 B - a potion of cancellation
 D - 2 potions of berserk rage
 F - a potion of mutation
 G - 2 potions of flight
 H - a potion of brilliance
 L - a potion of degeneration
 M - 2 potions of lignification
 Q - a potion of might
Miscellaneous
 T - a phantom mirror (inert)


   Skills:
 - Level 3.9 Fighting
 - Level 7.1 Dodging
 - Level 3.0 Stealth
 - Level 5.5 Spellcasting
 - Level 5.0 Conjurations
 - Level 6.4 Necromancy
 - Level 2.0 Translocations
 - Level 1.3 Transmutations
 + Level 4.2 Ice Magic
 - Level 10.0 Earth Magic
 - Level 5.3 Evocations


You had 4 spell levels left.
You knew the following spells:

 Your Spells              Type           Power      Damage    Failure   Level
a - Sandblast             Erth           100%       2d20      1%          1
b - Passwall              Tmut/Erth      31%        N/A       1%          2
c - Stone Arrow           Conj/Erth      94%        3d12      1%          3
d - Blink                 Tloc           36%        N/A       4%          2
e - Ozocubu's Armour      Ice            30%        N/A       3%          3
f - Simulacrum            Ice/Necr       18%        N/A       75%         6

Your spell library contained the following spells:

 Spells                   Type           Power      Damage    Failure   Level
 Kiss of Death            Conj/Necr      100%       2d13      1%          1
 Magic Dart               Conj           100%       1d8       1%          1
 Necrotise                Necr           100%       1d9       1%          1
 Searing Ray              Conj           68%        2d6       1%          2
 Momentum Strike          Conj/Tloc      52%        3d9       2%          2
 Cigotuvi's Dreadful Rot  Necr/Pois/Air  38%        N/A       4%          2
 Lesser Beckoning         Tloc           36%        N/A       4%          2
 Animate Dead             Necr           42%        N/A       4%          4
 Dispel Undead            Necr           42%        3d17      4%          4
 Petrify                  Tmut/Erth      38%        N/A       7%          4
 Anguish                  Hex/Necr       12%        N/A       19%         4
 Fulminant Prism          Conj/Hex       10%        3d8       24%         4
 Agony                    Necr           42%        N/A       14%         5
 Death Channel            Necr           21%        N/A       58%         6
 Metabolic Englaciation   Hex/Ice        9%         N/A       61%         5
 Statue Form              Tmut/Erth      25%        N/A       71%         6


Dungeon Overview and Level Annotations

Branches:
Dungeon (11/15)            Temple (0/1) D:5            Lair (0/5) D:9
    Orc (0/2) D:9          Bailey (visited)

Altars:
Cheibriados
Hepliaklqana
Kikubaaqudgha
Nemelex Xobeh
Okawaru
Qazlal
Sif Muna
Trog
Vehumet
Wu Jian
Xom
Yredelemnul
Zin
The Shining One

Annotations:
D:7 2 transporters, Kazon's ghost, novice OpMo


Innate Abilities, Weirdness & Mutations

You are very small and have problems with some larger weapons.
You are too small for most types of armour.
You have supernaturally acute eyesight. (SInv)
You cover ground extremely quickly. (Speed+++)


Message History

Really fire in your ally Snorg's direction?
Okay, then.
Casting: Sandblast (safe; 1% risk of failure)
Confirm with . or Enter, or press ? or * to list all spells.
Aiming: Sandblast (safe; 1% risk of failure)
Press: ? - help, Shift-Dir - straight line, f - acid dragon, p - centaur
Aim: an acid dragon (85% to hit)
The blast of sand hits the acid dragon!
The acid dragon is heavily wounded.
Snorg completely misses the centaur.
Snorg claws the centaur but does no damage.
Snorg claws the centaur!
The centaur dies!
Kikubaaqudgha accepts your kill.
The centaur shoots an arrow.
The arrow hits Snorg!
The centaur shoots an arrow.
The arrow hits Snorg!
The acid dragon spits acid at you. The splash of acid hits you!!
Ouch! That really hurt!
The acid corrodes you!
The centaur shoots an arrow.
The arrow closely misses Snorg.
The arrow hits you.
The centaur shoots an arrow.
The arrow completely misses you.
You hear a shout!
You take 36 damage, and have 17/53 hp.
MASSIVE DAMAGE!!
You now have 16/20 mp.
Casting: Sandblast (safe; 1% risk of failure)
Confirm with . or Enter, or press ? or * to list all spells.
Aiming: Sandblast (safe; 1% risk of failure)
Press: ? - help, Shift-Dir - straight line, f/p - acid dragon
Aim: an acid dragon (heavily wounded, 85% to hit)
The blast of sand hits the acid dragon.
The acid dragon is severely wounded.
Snorg barely misses the centaur.
Snorg claws the centaur. x2
The centaur unwields a +0 shortbow.
The centaur closely misses Snorg.
The centaur kicks Snorg.
The centaur shoots an arrow.
The arrow hits you.
* * * LOW HITPOINT WARNING * * *
Snorg bites the centaur!
Snorg barely misses the centaur. x2
The acid dragon spits acid at you. The splash of acid hits you!!
You die...
Kikubaaqudgha rasps: "You have failed me!
Welcome... death!"

.>..........c..# .#
......c<†$...#..# .
.............# .
#.......c......# #
#.#..).T..:.....#
##.#..#...###...#..#
...........####.#!..#
...D...†....###/# #..
.......@../.....#
......#........ .####
#.......# .........
........# .#........
..........
###....####


You could see an acid dragon (catching breath), 2 centaurs and the friendly
Snorg (summoned, berserk, drained).

Vanquished Creatures
  Snorg (D:11)
  Erica (D:9)
  A two-headed ogre (D:8)
  Pikel (D:6)
  An orc knight (Bailey)
  A deep elf zephyrmancer (Bailey)
  A gargoyle (D:10)
  A hornet (D:7)
  3 trolls
  Grinder (D:6)
  Sigmund (D:4)
  A wyvern (D:9)
  2 shadows
  7 yaks
  2 vampire mosquitoes (D:10)
  10 orc warriors
  3 ogres
  6 centaurs
  3 lemures (D:6)
  2 phantoms
  2 kobold brigands
  Blork the orc (D:4)
  2 scorpions
  A bullfrog (D:8)
  3 wights (D:10)
  3 killer bees (D:9)
  A howler monkey (D:9)
  8 hounds
  6 orc priests
  3 jellies
  Terence (D:2)
  2 iguanas
  A sleepcap (D:6)
  5 orc wizards
  Robin (D:2)
  9 adders
  2 shadow imps
  3 white imps
  An ufetubus (D:6)
  2 worms (D:2)
  7 dart slugs
  36 orcs
  4 endoplasms
  A giant cockroach (D:2)
  24 goblins
  11 hobgoblins
  4 quokkas
  14 ball pythons
  4 bats (D:2)
  3 frilled lizards
  21 kobolds
  7 rats
242 creatures vanquished.

Vanquished Creatures (collateral kills)
  A centaur (D:11)
1 creature vanquished.

Grand Total: 243 creatures vanquished

Notes
Turn   | Place    | Note
-------+----------+-------------------------------------------
     0 | D:1      | jasper the Spriggan Earth Elementalist began the quest for
                  | the Orb.
     0 | D:1      | Reached XP level 1. HP: 9/9 MP: 5/5
   105 | D:1      | Found a faded altar of an unknown god.
   162 | D:1      | Reached skill level 3 in Earth Magic
   242 | D:1      | Reached XP level 2. HP: 13/13 MP: 5/7
   969 | D:2      | Reached XP level 3. HP: 16/16 MP: 5/8
   974 | D:2      | Learned a level 2 spell: Passwall
   992 | D:2      | Noticed Robin
   997 | D:2      | Killed Robin
   998 | D:2      | Reached skill level 4 in Earth Magic
  1261 | D:2      | Reached XP level 4. HP: 21/21 MP: 7/9
  1424 | D:2      | Learned a level 3 spell: Stone Arrow
  1430 | D:2      | Noticed Terence
  1448 | D:2      | Killed Terence
  1610 | D:2      | Reached skill level 5 in Earth Magic
  1874 | D:2      | Identified the +9 sling of Causality {speed, Fly rC- Str-4
                  | Dex+10}
  1978 | D:2      | Reached XP level 5. HP: 19/24 MP: 5/10
  2497 | D:3      | Found a hazy altar of Hepliaklqana.
  2772 | D:3      | Found an ancient bone altar of Kikubaaqudgha.
  2780 | D:3      | Became a worshipper of Kikubaaqudgha
  3254 | D:4      | Noticed Sigmund
  3261 | D:4      | Killed Sigmund
  3262 | D:4      | Reached skill level 6 in Earth Magic
  3262 | D:4      | Reached XP level 6. HP: 28/28 MP: 6/11
  3546 | D:4      | Noticed Blork the orc
  3553 | D:4      | Killed Blork the orc
  3554 | D:4      | Reached skill level 7 in Earth Magic
  3679 | D:5      | Entered Level 5 of the Dungeon
  3718 | D:5      | Found a glowing golden altar of the Shining One.
  3822 | D:5      | Reached XP level 7. HP: 32/32 MP: 9/12
  3825 | D:5      | Learned a level 2 spell: Blink
  3829 | D:5      | Learned a level 3 spell: Ozocubu's Armour
  3898 | D:5      | Reached * piety under Kikubaaqudgha
  3898 | D:5      | Received a gift from Kikubaaqudgha
  3926 | D:5      | Reached skill level 8 in Earth Magic
  4327 | D:5      | Found a staircase to the Ecumenical Temple.
  4343 | D:5      | Found a snail-covered altar of Cheibriados.
  4343 | D:5      | Found a stormy altar of Qazlal.
  4347 | D:5      | Found a sparkling altar of Nemelex Xobeh.
  4347 | D:5      | Found a basalt altar of Yredelemnul.
  4580 | D:6      | Reached XP level 8. HP: 36/36 MP: 13/13
  4601 | D:6      | Reached skill level 9 in Earth Magic
  4609 | D:6      | Noticed Grinder
  4619 | D:6      | Killed Grinder
  4633 | D:6      | Noticed Pikel
  4653 | D:6      | Killed Pikel
  4654 | D:6      | Reached skill level 10 in Earth Magic
  4654 | D:6      | Reached skill level 5 in Spellcasting
  4661 | D:6      | Learned a level 6 spell: Simulacrum
  4745 | D:6      | Reached skill level 1 in Evocations
  4784 | D:6      | Found a bloodstained altar of Trog.
  4809 | D:6      | Reached ** piety under Kikubaaqudgha
  4919 | D:6      | You fall into a shaft and drop 1 floor!
  5056 | D:7      | Found a transporter.
  5068 | D:7      | Reached XP level 9. HP: 39/39 MP: 16/18
  5109 | D:7      | Noticed a manticore
  5110 | D:7      | Noticed Kazon's ghost (novice OpMo)
  5280 | D:7      | Reached skill level 5 in Evocations
  5320 | D:7      | Found an iron altar of Okawaru.
  5365 | D:7      | Found a transporter.
  5382 | D:7      | Noticed a gargoyle
  5385 | D:7      | Noticed a troll
  5537 | D:7      | Reached skill level 1 in Necromancy
  5537 | D:7      | Reached skill level 1 in Translocations
  5707 | D:7      | Found a glowing golden altar of the Shining One.
  5710 | D:7      | Found a shimmering altar of Xom.
  5710 | D:7      | Found a radiant altar of Vehumet.
  5712 | D:7      | Found a glowing golden altar of the Shining One.
  5712 | D:7      | Found a radiant altar of Vehumet.
  5712 | D:7      | Found an ornate altar of the Wu Jian Council.
  5903 | D:8      | Noticed a two-headed ogre
  6019 | D:8      | Killed a two-headed ogre
  6020 | D:8      | Reached skill level 1 in Fighting
  6020 | D:8      | Reached skill level 1 in Conjurations
  6020 | D:8      | Reached skill level 1 in Ice Magic
  6270 | D:8      | Noticed an angel
  6271 | D:8      | Found a glowing silver altar of Zin.
  6464 | D:8      | Found a shimmering blue altar of Sif Muna.
  6547 | D:9      | Found a staircase to the Lair.
  6714 | D:9      | Found a staircase to the Orcish Mines.
  6753 | D:9      | Reached XP level 10. HP: 32/46 MP: 17/19
  6854 | D:9      | Reached skill level 5 in Dodging
  7083 | D:9      | Found a radiant altar of Vehumet.
  7261 | D:9      | Reached *** piety under Kikubaaqudgha
  7261 | D:9      | Received a gift from Kikubaaqudgha
  7493 | D:9      | Noticed Erica
  7501 | D:9      | Killed Erica
  7502 | D:9      | Reached skill level 5 in Necromancy
  7732 | D:10     | Entered Level 10 of the Dungeon
  7738 | D:10     | Found a flagged portal.
  7759 | Bailey   | Entered a bailey
  7859 | Bailey   | Found a large runed translucent door.
  7859 | Bailey   | Found a large runed translucent door.
  7860 | Bailey   | Noticed a deep elf zephyrmancer
  7886 | Bailey   | Noticed an orc knight
  7923 | Bailey   | Killed an orc knight
  8079 | Bailey   | Killed a deep elf zephyrmancer
  8085 | Bailey   | Identified the amulet of Moushrye {Acrobat Int+6 Slay-3}
  8089 | Bailey   | Identified the staff of fire "Yduchaq" {*Corrode rF+ Str+2
                  | SInv}
  8331 | D:10     | Reached XP level 11. HP: 37/53 MP: 7/20
  8413 | D:10     | Identified the +6 falchion of Meclump {freeze, rPois Will++
                  | Int+3}
  9008 | D:11     | Noticed Snorg
  9141 | D:11     | Killed Snorg
  9142 | D:11     | Reached skill level 5 in Conjurations
  9143 | D:11     | Killed from afar by an acid dragon

Illustrated notes

Levels and vault maps discovered:
D:1:      dpeg_arrival_oval, layout_basic,
          shapermc_ecumenical_altar_mp_highgroup, supply_closet_lemuel,
          nicolae_kite_square_tiling_tiny
D:2:      minmay_thinvault, layout_basic, uniq_robin, uniq_terence
D:3:      layout_basic, lemuel_crystal_altar, old_standard_altar
D:4:      layout_rooms, uniq_sigmund, uniq_crazy_yiuf_cottage,
          uniq_blork_the_orc
D:5:      layout_gridville, tso_metal_star, grunt_temple_overflow_open,
          minmay_temple_entry_trees, due_unseen_surprise
D:6:      layout_rooms, mainiacjoe_overflow_alcove_2, uniq_pikel, uniq_grinder
D:7:      layout_basic, doesnt_xom_only_xom, okawaru_metal_pillars_1_2,
          nzn_ghost_randoct
D:8:      layout_cave_pools, nicolae_sif_muna_little_library, zin_angel
D:9:      layout_irregular_city, fiery_altar_vehumet, lair_entry_dummy,
          erik_orc_3, uniq_erica
D:10:     nicolae_cairo_tiling_large_dashed, layout_rooms, enter_bailey_6
D:11:     layout_rooms, biasface_ghost_orc_armoury, uniq_snorg

Skill      XL: |  1  2  3  4  5  6  7  8  9 10 11 |
---------------+----------------------------------+-----
Earth Magic    | 3 4 5 6 7 8 10 | 10.0
Spellcasting   | 3 5 |  5.5
Evocations     | 4 5 |  5.3
Dodging        | 4 6 7 |  7.1
Necromancy     | 3 6 |  6.4
Translocations | 2 |  2.0
Fighting       | 2 3 |  3.9
Conjurations   | 2 3 5 |  5.0
Ice Magic      | 2 3 4 |  4.2
Stealth        | |  3.0
Transmutations | |  1.3

Action                     |  1- 3 |  4- 6 |  7- 9 | 10-12 || total
---------------------------+-------+-------+-------+-------++-------
  Throw: Boomerang         |    14 |    21 |     9 |     3 ||    47
         Dart              |       |     1 |     1 |     3 ||     5
   Cast: Sandblast         |    46 |    82 |   157 |   140 ||   425
         Stone Arrow       |       |       |       |     9 ||     9
  Evoke: Wand              |       |       |     2 |    13 ||    15
         Phantom mirror    |       |       |       |     1 ||     1
    Use: Scroll            |     4 |     6 |     7 |     7 ||    24
         Potion            |       |       |     1 |     1 ||     2
 Armour: Robe              |       |     3 |     8 |    11 ||    22
  Dodge: Dodged            |     6 |    16 |    39 |   105 ||   166
